 Dungeon Crawl Stone Soup version 0.19.1 (webtiles) character file.

3236 JeffiDaFish the Blocker (level 9, 0/55 HPs)
             Began as a Gargoyle Fighter on Dec 10, 2016.
             Was a Priest of Makhleb.
             Slain by an orc warrior
             ... wielding a +0 dire flail
              (20 damage)
             ... on level 8 of the Dungeon.
             The game lasted 00:25:16 (6661 turns).

JeffiDaFish the Blocker (Gargoyle Fighter)          Turns: 6661, Time: 00:25:17

Health: 0/55       AC: 20    Str: 21    XL:     9   Next: 98%
Magic:  9/9        EV:  6    Int:  9    God:    Makhleb [***...]
Gold:   323        SH: 12    Dex: 11    Spells: 0 memorised, 8 levels left

rFire  . . .     SeeInvis .     a - +2 flail
rCold  + . .     Gourm    .     x - +0 plate armour
rNeg   + . .     Faith    +     c - +1 shield
rPois  ∞         Spirit   .     (no helmet)
rElec  +         Reflect  .     j - +1 cloak
rCorr  +         Harm     .     (no gloves)
MR     .....                    (no boots)
Stlth  ..........               u - amulet of faith
                                n - ring of protection from cold
                                o - ring of resist corrosion

@: no status effects
A: negative energy resistance 1, electricity resistance, unbreathing,
petrification resistance, rot immunity, AC +5
a: Minor Destruction, Lesser Servant of Makhleb, Renounce Religion


You were on level 8 of the Dungeon.
You worshipped Makhleb.
Makhleb was most pleased with you.
You were not hungry.

You visited 2 branches of the dungeon, and saw 9 of its levels.
You also visited: Sewer.

You collected 323 gold pieces.

Inventory:

Hand Weapons
 a - a +2 flail (weapon)
Armour
 c - a +1 shield (worn)
 j - a +1 cloak (worn)
 x - a +0 plate armour (worn)
Jewellery
 n - a ring of protection from cold (right hand)
 o - a ring of resist corrosion (left hand)
 u - an amulet of faith (around neck)
Wands
 b - a wand of disintegration (8/24)
 r - a wand of paralysis (17/24)
Scrolls
 l - 2 scrolls of recharging
 m - 6 scrolls of identify
 q - 2 scrolls of fog
 s - 2 scrolls of remove curse
 t - a scroll of blinking
 v - a scroll of teleportation
Potions
 d - a potion of might
 e - 3 potions of curing
Comestibles
 f - 5 bread rations
 g - 3 beef jerkies
 i - 3 fruits
 k - 4 meat rations
 p - a slice of pizza


   Skills:
 + Level 6.2 Fighting
 + Level 8.4 Maces & Flails
 + Level 6.4 Armour
 + Level 3.0 Dodging
 + Level 1.6 Stealth
 + Level 8.7 Shields


You had 8 spell levels left.
You didn't know any spells.

Dungeon Overview and Level Annotations

Branches:
Dungeon (8/15)             Temple (1/1) D:5
   Lair: D:8-11

Altars:
Ashenzari
Cheibriados
Dithmenos
Hepliaklqana
Makhleb
Nemelex Xobeh
Okawaru
Qazlal
Uskayaw
Xom
Yredelemnul
The Shining One

Annotations:
D:4 JeffiDaFish's ghost, novice GrFi


Innate Abilities, Weirdness & Mutations

You are resistant to torment.
Your stone body is resilient. (AC +5)
You are immune to poison.
You resist negative energy. (rN+)
You are resistant to electric shocks. (rElec)
You can survive without breathing.
You are immune to petrification.
You are immune to rotting.


Message History

* * * LOW HITPOINT WARNING * * *
The orc warrior hits you but does no damage.
You thump the orc!
You kill the orc!
Makhleb accepts your kill.
You feel better. You block the orc's attack.
You hit the orc.
The orc is heavily wounded.
You block the orc warrior's attack. You block the orc's attack.
You sock the orc!
You kill the orc!
Makhleb accepts your kill.
You feel better.
The orc warrior hits you with a dire flail.
* * * LOW HITPOINT WARNING * * *
You feel better. You block the orc warrior's attack.
You feel better. You block the orc warrior's attack.
You hit the orc warrior but do no damage.
The orc warrior hits you with a dire flail!!
You die...

..# ##### #####.. #...#
#..... #...# +.... #...#
#... ###'## ..#### #..#
##
.##.#####....###)o###..#
.....'..#....#.)@).....#
.....#..#....#.........#
.....#..#....#.........#
.....#..#....#.........#
.....#..#....#.........#
##..#####....#'######..#
.#'#######+#.......# ..#
.#.....'...'.......# .#
.#.....#...#.......#


You could see an orc warrior.

Vanquished Creatures
  A hungry ghost (D:8)
  3 orc warriors
  2 sky beasts
  2 phantoms
  2 black bears
  3 ogres
  3 centaurs
  A big kobold (D:7)
  6 bullfrogs
  2 scorpions
  A crimson imp (D:5)
  A centaur zombie (D:7)
  A hound (D:6)
  2 centaur skeletons
  5 orc priests
  2 bullfrog skeletons
  14 orc wizards
  2 iguanas
  Terence (D:2)
  A worker ant (D:5)
  Robin (D:4)
  A howler monkey skeleton (D:6)
  3 gnolls (D:5)
  13 adders
  2 shadow imps
  3 oozes
  4 worms
  3 dart slugs
  5 leopard geckos
  38 orcs
  4 ball pythons
  3 bats
  11 giant cockroaches
  14 goblins
  5 hobgoblins
  16 jackals
  A quokka (D:4)
  3 frilled lizards
  10 kobolds
  A leopard gecko skeleton (D:4)
  12 rats
208 creatures vanquished.

Notes
Turn   | Place    | Note
-------+----------+-------------------------------------------
     0 | D:1      | JeffiDaFish the Gargoyle Fighter began the quest for the Orb.
     0 | D:1      | Reached XP level 1. HP: 14/14 MP: 1/1
   219 | D:1      | Reached XP level 2. HP: 17/19 MP: 2/2
   566 | D:1      | Reached XP level 3. HP: 19/23 MP: 3/3
  1096 | D:2      | Reached XP level 4. HP: 15/28 MP: 4/4
  1303 | D:2      | Noticed Terence
  1316 | D:2      | Killed Terence
  1718 | D:3      | Found a shadowy altar of Dithmenos.
  2108 | D:3      | Reached XP level 5. HP: 31/32 MP: 5/5
  2234 | D:4      | Noticed JeffiDaFish's ghost (novice GrFi)
  2234 | D:4      | Found a glowing drain.
  2238 | D:4      | Reached skill level 1 in Dodging
  2238 | D:4      | Reached skill level 1 in Stealth
  2247 | D:4      | HP: 1/32 [JeffiDaFish's ghost (3)]
  2598 | Sewer    | Entered a sewer
  2635 | Sewer    | Reached XP level 6. HP: 34/37 MP: 4/6
  3000 | D:4      | Found a glowing golden altar of the Shining One.
  3047 | D:4      | Noticed Robin
  3055 | D:4      | Reached skill level 5 in Shields
  3078 | D:4      | Killed Robin
  3106 | D:4      | Reached XP level 7. HP: 22/42 MP: 5/7
  3427 | D:5      | Entered Level 5 of the Dungeon
  3738 | D:5      | Found a staircase to the Ecumenical Temple.
  3755 | Temple   | Entered the Ecumenical Temple
  3803 | Temple   | Became a worshipper of Makhleb the Destroyer
  3851 | D:5      | Reached skill level 5 in Maces & Flails
  4138 | D:5      | Reached skill level 5 in Armour
  4244 | D:5      | Reached XP level 8. HP: 40/48 MP: 6/8
  4429 | D:5      | Reached * piety under Makhleb
  4699 | D:6      | Reached skill level 5 in Fighting
  4899 | D:6      | Reached ** piety under Makhleb
  4899 | D:6      | Reached XP level 9. HP: 49/54 MP: 7/9
  5722 | D:7      | HP: 4/81 [orc/trident (1)]
  6008 | D:7      | Found a sparkling altar of Nemelex Xobeh.
  6084 | D:7      | Reached *** piety under Makhleb
  6503 | D:8      | Found a shimmering altar of Xom.
  6661 | D:8      | Slain by an orc warrior

Skill      XL: |  1  2  3  4  5  6  7  8  9 |
---------------+----------------------------+-----
Armour         | 4 5 6 |  6.4
Maces & Flails | 3 4 5 7 8 |  8.4
Shields        | 4 5 6 7 8 |  8.7
Dodging        | 1 2 3 |  3.0
Stealth        | 1 |  1.6
Fighting       | 4 5 6 |  6.2

Action                   |  1- 3 |  4- 6 |  7- 9 || total
-------------------------+-------+-------+-------++-------
Melee: Flail             |   181 |   229 |   649 ||  1059
  Use: Scroll            |     7 |     5 |     7 ||    19
       Potion            |     2 |     5 |     6 ||    13
 Stab: Invisible         |       |     4 |       ||     4
  Eat: Chunk             |     1 |     7 |    13 ||    21
       Bread ration      |       |       |     2 ||     2
Armor: Scale mail        |   122 |   152 |   249 ||   523
       Plate armour      |       |       |   232 ||   232
Dodge: Dodged            |    72 |    93 |   259 ||   424
Block: Shield            |   133 |   214 |   537 ||   884
